Workbook

Sheet Summary
A1: Self Storage Sales Tax Tracker — Summary
A3: Entered Amount | B3: =IF(COUNT('Tax Records'!$E$4:$E$153)=0,"",SUM('Tax Records'!$E$4:$E$153)) | C3: Reviewed Taxable Amount | D3: =IF(COUNT('Tax Records'!$H$4:$H$153)=0,"",SUM('Tax Records'!$H$4:$H$153)) | E3: Estimated Tax | F3: =IF(COUNT('Tax Records'!$I$4:$I$153)=0,"",SUM('Tax Records'!$I$4:$I$153)) | G3: Tax Treatments Needing Review | H3: =COUNTIF('Tax Records'!$F$4:$F$153,"Needs Review")
A5: Open Records | B5: =COUNTIF('Tax Records'!$K$4:$K$153,"Draft")+COUNTIF('Tax Records'!$K$4:$K$153,"Needs Review")+COUNTIF('Tax Records'!$K$4:$K$153,"Ready for Review") | C5: Past Due Open Records | D5: =SUMPRODUCT(('Tax Records'!$A$4:$A$153<>"")*('Tax Records'!$L$4:$L$153<>"")*('Tax Records'!$L$4:$L$153<TODAY())*('Tax Records'!$K$4:$K$153<>"Closed")) | E5: Earliest Entered Due Date | F5: =IF(COUNT('Tax Records'!$L$4:$L$153)=0,"",MIN('Tax Records'!$L$4:$L$153)) | G5: Effective Estimated Rate | H5: =IFERROR(SUM('Tax Records'!$I$4:$I$153)/SUM('Tax Records'!$H$4:$H$153),"")
A8: Reporting Period Rollup
A9: Reporting Period | B9: Entered Amount | C9: Taxable Amount | D9: Estimated Tax
A10: 46113 | B10: =IF(COUNTIFS('Tax Records'!$C$4:$C$153,$A10)=0,"",SUMIFS('Tax Records'!$E$4:$E$153,'Tax Records'!$C$4:$C$153,$A10)) | C10: =IF(COUNTIFS('Tax Records'!$C$4:$C$153,$A10)=0,"",SUMIFS('Tax Records'!$H$4:$H$153,'Tax Records'!$C$4:$C$153,$A10)) | D10: =IF(COUNTIFS('Tax Records'!$C$4:$C$153,$A10)=0,"",SUMIFS('Tax Records'!$I$4:$I$153,'Tax Records'!$C$4:$C$153,$A10))
A11: 46143 | B11: =IF(COUNTIFS('Tax Records'!$C$4:$C$153,$A11)=0,"",SUMIFS('Tax Records'!$E$4:$E$153,'Tax Records'!$C$4:$C$153,$A11)) | C11: =IF(COUNTIFS('Tax Records'!$C$4:$C$153,$A11)=0,"",SUMIFS('Tax Records'!$H$4:$H$153,'Tax Records'!$C$4:$C$153,$A11)) | D11: =IF(COUNTIFS('Tax Records'!$C$4:$C$153,$A11)=0,"",SUMIFS('Tax Records'!$I$4:$I$153,'Tax Records'!$C$4:$C$153,$A11))
A12: 46174 | B12: =IF(COUNTIFS('Tax Records'!$C$4:$C$153,$A12)=0,"",SUMIFS('Tax Records'!$E$4:$E$153,'Tax Records'!$C$4:$C$153,$A12)) | C12: =IF(COUNTIFS('Tax Records'!$C$4:$C$153,$A12)=0,"",SUMIFS('Tax Records'!$H$4:$H$153,'Tax Records'!$C$4:$C$153,$A12)) | D12: =IF(COUNTIFS('Tax Records'!$C$4:$C$153,$A12)=0,"",SUMIFS('Tax Records'!$I$4:$I$153,'Tax Records'!$C$4:$C$153,$A12))
A13: 46204 | B13: =IF(COUNTIFS('Tax Records'!$C$4:$C$153,$A13)=0,"",SUMIFS('Tax Records'!$E$4:$E$153,'Tax Records'!$C$4:$C$153,$A13)) | C13: =IF(COUNTIFS('Tax Records'!$C$4:$C$153,$A13)=0,"",SUMIFS('Tax Records'!$H$4:$H$153,'Tax Records'!$C$4:$C$153,$A13)) | D13: =IF(COUNTIFS('Tax Records'!$C$4:$C$153,$A13)=0,"",SUMIFS('Tax Records'!$I$4:$I$153,'Tax Records'!$C$4:$C$153,$A13))
A14: 46235 | B14: =IF(COUNTIFS('Tax Records'!$C$4:$C$153,$A14)=0,"",SUMIFS('Tax Records'!$E$4:$E$153,'Tax Records'!$C$4:$C$153,$A14)) | C14: =IF(COUNTIFS('Tax Records'!$C$4:$C$153,$A14)=0,"",SUMIFS('Tax Records'!$H$4:$H$153,'Tax Records'!$C$4:$C$153,$A14)) | D14: =IF(COUNTIFS('Tax Records'!$C$4:$C$153,$A14)=0,"",SUMIFS('Tax Records'!$I$4:$I$153,'Tax Records'!$C$4:$C$153,$A14))
A15: 46266 | B15: =IF(COUNTIFS('Tax Records'!$C$4:$C$153,$A15)=0,"",SUMIFS('Tax Records'!$E$4:$E$153,'Tax Records'!$C$4:$C$153,$A15)) | C15: =IF(COUNTIFS('Tax Records'!$C$4:$C$153,$A15)=0,"",SUMIFS('Tax Records'!$H$4:$H$153,'Tax Records'!$C$4:$C$153,$A15)) | D15: =IF(COUNTIFS('Tax Records'!$C$4:$C$153,$A15)=0,"",SUMIFS('Tax Records'!$I$4:$I$153,'Tax Records'!$C$4:$C$153,$A15))

Sheet Tax Records
A1: Self Storage Sales Tax Tracker — Tax Records
A2: Pale yellow cells are editable. Calculated amounts use the selected internal treatment and planning rate. All examples are fictional; request human review before use.
A3: Facility | B3: Unit | C3: Reporting Period | D3: Revenue Type | E3: Amount | F3: Tax Treatment | G3: Planning Rate | H3: Taxable Amount | I3: Estimated Tax | J3: Owner | K3: Status | L3: Due Date | M3: Notes
A4: Fictional Cedar Lantern Storage | B4: CL-014 | C4: 46113 | D4: Unit Rent | E4: 145 | F4: Not Taxable - Internal Review | G4: =IF($A4="","",IFERROR(VLOOKUP($A4,Assumptions!$A$4:$B$103,2,FALSE),"")) | H4: =IF(OR($E4="",$F4=""),"",IF($F4="Taxable - Internal Review",$E4,IF($F4="Not Taxable - Internal Review",0,""))) | I4: =IF(OR($H4="",$G4=""),"",IFERROR($H4*$G4,"")) | J4: Fictional Owner - Maya | K4: Closed | L4: 46162 | M4: Fictional rent entry with an internal classification.
A5: Fictional Cedar Lantern Storage | B5: Retail-01 | C5: 46113 | D5: Merchandise | E5: 86.4 | F5: Taxable - Internal Review | G5: =IF($A5="","",IFERROR(VLOOKUP($A5,Assumptions!$A$4:$B$103,2,FALSE),"")) | H5: =IF(OR($E5="",$F5=""),"",IF($F5="Taxable - Internal Review",$E5,IF($F5="Not Taxable - Internal Review",0,""))) | I5: =IF(OR($H5="",$G5=""),"",IFERROR($H5*$G5,"")) | J5: Fictional Owner - Jules | K5: Closed | L5: 46162 | M5: Fictional merchandise entry for period review.
A6: Fictional Blue Quail Self Storage | B6: BQ-208 | C6: 46143 | D6: Admin Fee | E6: 35 | F6: Taxable - Internal Review | G6: =IF($A6="","",IFERROR(VLOOKUP($A6,Assumptions!$A$4:$B$103,2,FALSE),"")) | H6: =IF(OR($E6="",$F6=""),"",IF($F6="Taxable - Internal Review",$E6,IF($F6="Not Taxable - Internal Review",0,""))) | I6: =IF(OR($H6="",$G6=""),"",IFERROR($H6*$G6,"")) | J6: Fictional Owner - Devon | K6: Closed | L6: 46193 | M6: Sample fee classification entered by a fictional owner.
A7: Fictional Blue Quail Self Storage | B7: BQ-031 | C7: 46143 | D7: Unit Rent | E7: 172 | F7: Needs Review | G7: =IF($A7="","",IFERROR(VLOOKUP($A7,Assumptions!$A$4:$B$103,2,FALSE),"")) | H7: =IF(OR($E7="",$F7=""),"",IF($F7="Taxable - Internal Review",$E7,IF($F7="Not Taxable - Internal Review",0,""))) | I7: =IF(OR($H7="",$G7=""),"",IFERROR($H7*$G7,"")) | J7: Fictional Owner - Maya | K7: Needs Review | L7: 46193 | M7: Human review requested for this fictional rent entry.
A8: Fictional Maple Rocket Storage | B8: MR-112 | C8: 46174 | D8: Late Fee | E8: 25 | F8: Not Taxable - Internal Review | G8: =IF($A8="","",IFERROR(VLOOKUP($A8,Assumptions!$A$4:$B$103,2,FALSE),"")) | H8: =IF(OR($E8="",$F8=""),"",IF($F8="Taxable - Internal Review",$E8,IF($F8="Not Taxable - Internal Review",0,""))) | I8: =IF(OR($H8="",$G8=""),"",IFERROR($H8*$G8,"")) | J8: Fictional Owner - Jules | K8: Closed | L8: 46223 | M8: Fictional late fee with an internal classification.
A9: Fictional Cedar Lantern Storage | B9: Retail-02 | C9: 46174 | D9: Merchandise | E9: 129.99 | F9: Taxable - Internal Review | G9: =IF($A9="","",IFERROR(VLOOKUP($A9,Assumptions!$A$4:$B$103,2,FALSE),"")) | H9: =IF(OR($E9="",$F9=""),"",IF($F9="Taxable - Internal Review",$E9,IF($F9="Not Taxable - Internal Review",0,""))) | I9: =IF(OR($H9="",$G9=""),"",IFERROR($H9*$G9,"")) | J9: Fictional Owner - Devon | K9: Closed | L9: 46223 | M9: Fictional lock and packing supply sale.
A10: Fictional Blue Quail Self Storage | B10: BQ-044 | C10: 46204 | D10: Other Fee | E10: 18 | F10: Taxable - Internal Review | G10: =IF($A10="","",IFERROR(VLOOKUP($A10,Assumptions!$A$4:$B$103,2,FALSE),"")) | H10: =IF(OR($E10="",$F10=""),"",IF($F10="Taxable - Internal Review",$E10,IF($F10="Not Taxable - Internal Review",0,""))) | I10: =IF(OR($H10="",$G10=""),"",IFERROR($H10*$G10,"")) | J10: Fictional Owner - Maya | K10: Ready for Review | L10: 46254 | M10: Ready for a human review; no external filing status is implied.
A11: Fictional Maple Rocket Storage | B11: MR-019 | C11: 46235 | D11: Unit Rent | E11: 210 | F11: Taxable - Internal Review | G11: =IF($A11="","",IFERROR(VLOOKUP($A11,Assumptions!$A$4:$B$103,2,FALSE),"")) | H11: =IF(OR($E11="",$F11=""),"",IF($F11="Taxable - Internal Review",$E11,IF($F11="Not Taxable - Internal Review",0,""))) | I11: =IF(OR($H11="",$G11=""),"",IFERROR($H11*$G11,"")) | J11: Fictional Owner - Jules | K11: Closed | L11: 46285 | M11: Fictional rent entry using the editable planning rate.
A12: Fictional Maple Rocket Storage | B12: MR-000 | C12: 46235 | D12: Other Fee | E12: 0 | F12: Not Taxable - Internal Review | G12: =IF($A12="","",IFERROR(VLOOKUP($A12,Assumptions!$A$4:$B$103,2,FALSE),"")) | H12: =IF(OR($E12="",$F12=""),"",IF($F12="Taxable - Internal Review",$E12,IF($F12="Not Taxable - Internal Review",0,""))) | I12: =IF(OR($H12="",$G12=""),"",IFERROR($H12*$G12,"")) | J12: Fictional Owner - Devon | K12: Closed | L12: 46285 | M12: Zero-dollar fictional entry tests the accepted lower boundary.
A13: Fictional Cedar Lantern Storage | B13: CL-201 | C13: 46266 | D13: Admin Fee | E13: 40 | F13: Needs Review | G13: =IF($A13="","",IFERROR(VLOOKUP($A13,Assumptions!$A$4:$B$103,2,FALSE),"")) | H13: =IF(OR($E13="",$F13=""),"",IF($F13="Taxable - Internal Review",$E13,IF($F13="Not Taxable - Internal Review",0,""))) | I13: =IF(OR($H13="",$G13=""),"",IFERROR($H13*$G13,"")) | J13: Fictional Owner - Maya | K13: Draft | L13: 46315 | M13: Draft fictional entry requiring a tax treatment decision.
A14: Fictional Maple Rocket Storage | B14: Retail-03 | C14: 46266 | D14: Merchandise | E14: 315.5 | F14: Taxable - Internal Review | G14: =IF($A14="","",IFERROR(VLOOKUP($A14,Assumptions!$A$4:$B$103,2,FALSE),"")) | H14: =IF(OR($E14="",$F14=""),"",IF($F14="Taxable - Internal Review",$E14,IF($F14="Not Taxable - Internal Review",0,""))) | I14: =IF(OR($H14="",$G14=""),"",IFERROR($H14*$G14,"")) | J14: Fictional Owner - Jules | K14: Ready for Review | L14: 46315 | M14: Fictional merchandise total prepared for human review.
G15: =IF($A15="","",IFERROR(VLOOKUP($A15,Assumptions!$A$4:$B$103,2,FALSE),"")) | H15: =IF(OR($E15="",$F15=""),"",IF($F15="Taxable - Internal Review",$E15,IF($F15="Not Taxable - Internal Review",0,""))) | I15: =IF(OR($H15="",$G15=""),"",IFERROR($H15*$G15,""))
G16: =IF($A16="","",IFERROR(VLOOKUP($A16,Assumptions!$A$4:$B$103,2,FALSE),"")) | H16: =IF(OR($E16="",$F16=""),"",IF($F16="Taxable - Internal Review",$E16,IF($F16="Not Taxable - Internal Review",0,""))) | I16: =IF(OR($H16="",$G16=""),"",IFERROR($H16*$G16,""))
G17: =IF($A17="","",IFERROR(VLOOKUP($A17,Assumptions!$A$4:$B$103,2,FALSE),"")) | H17: =IF(OR($E17="",$F17=""),"",IF($F17="Taxable - Internal Review",$E17,IF($F17="Not Taxable - Internal Review",0,""))) | I17: =IF(OR($H17="",$G17=""),"",IFERROR($H17*$G17,""))
G18: =IF($A18="","",IFERROR(VLOOKUP($A18,Assumptions!$A$4:$B$103,2,FALSE),"")) | H18: =IF(OR($E18="",$F18=""),"",IF($F18="Taxable - Internal Review",$E18,IF($F18="Not Taxable - Internal Review",0,""))) | I18: =IF(OR($H18="",$G18=""),"",IFERROR($H18*$G18,""))
G19: =IF($A19="","",IFERROR(VLOOKUP($A19,Assumptions!$A$4:$B$103,2,FALSE),"")) | H19: =IF(OR($E19="",$F19=""),"",IF($F19="Taxable - Internal Review",$E19,IF($F19="Not Taxable - Internal Review",0,""))) | I19: =IF(OR($H19="",$G19=""),"",IFERROR($H19*$G19,""))
G20: =IF($A20="","",IFERROR(VLOOKUP($A20,Assumptions!$A$4:$B$103,2,FALSE),"")) | H20: =IF(OR($E20="",$F20=""),"",IF($F20="Taxable - Internal Review",$E20,IF($F20="Not Taxable - Internal Review",0,""))) | I20: =IF(OR($H20="",$G20=""),"",IFERROR($H20*$G20,""))
G21: =IF($A21="","",IFERROR(VLOOKUP($A21,Assumptions!$A$4:$B$103,2,FALSE),"")) | H21: =IF(OR($E21="",$F21=""),"",IF($F21="Taxable - Internal Review",$E21,IF($F21="Not Taxable - Internal Review",0,""))) | I21: =IF(OR($H21="",$G21=""),"",IFERROR($H21*$G21,""))
G22: =IF($A22="","",IFERROR(VLOOKUP($A22,Assumptions!$A$4:$B$103,2,FALSE),"")) | H22: =IF(OR($E22="",$F22=""),"",IF($F22="Taxable - Internal Review",$E22,IF($F22="Not Taxable - Internal Review",0,""))) | I22: =IF(OR($H22="",$G22=""),"",IFERROR($H22*$G22,""))
G23: =IF($A23="","",IFERROR(VLOOKUP($A23,Assumptions!$A$4:$B$103,2,FALSE),"")) | H23: =IF(OR($E23="",$F23=""),"",IF($F23="Taxable - Internal Review",$E23,IF($F23="Not Taxable - Internal Review",0,""))) | I23: =IF(OR($H23="",$G23=""),"",IFERROR($H23*$G23,""))
G24: =IF($A24="","",IFERROR(VLOOKUP($A24,Assumptions!$A$4:$B$103,2,FALSE),"")) | H24: =IF(OR($E24="",$F24=""),"",IF($F24="Taxable - Internal Review",$E24,IF($F24="Not Taxable - Internal Review",0,""))) | I24: =IF(OR($H24="",$G24=""),"",IFERROR($H24*$G24,""))
G25: =IF($A25="","",IFERROR(VLOOKUP($A25,Assumptions!$A$4:$B$103,2,FALSE),"")) | H25: =IF(OR($E25="",$F25=""),"",IF($F25="Taxable - Internal Review",$E25,IF($F25="Not Taxable - Internal Review",0,""))) | I25: =IF(OR($H25="",$G25=""),"",IFERROR($H25*$G25,""))
G26: =IF($A26="","",IFERROR(VLOOKUP($A26,Assumptions!$A$4:$B$103,2,FALSE),"")) | H26: =IF(OR($E26="",$F26=""),"",IF($F26="Taxable - Internal Review",$E26,IF($F26="Not Taxable - Internal Review",0,""))) | I26: =IF(OR($H26="",$G26=""),"",IFERROR($H26*$G26,""))
... G153: =IF($A153="","",IFERROR(VLOOKUP($A153,Assumptions!$A$4:$B$103,2,FALSE),"")) | H153: =IF(OR($E153="",$F153=""),"",IF($F153="Taxable - Internal Review",$E153,IF($F153="Not Taxable - Internal Review",0,""))) | I153: =IF(OR($H153="",$G153=""),"",IFERROR($H153*$G153,""))

Sheet Assumptions
A1: Self Storage Sales Tax Tracker — Assumptions
A2: Editable planning assumptions and fictional examples only. Rates and tax treatments require human review before use.
A3: Facility | B3: Planning Sales Tax Rate | D3: Revenue Type | F3: Tax Treatment | H3: Record Status | J3: Owner
A4: Fictional Cedar Lantern Storage | B4: 0.0725 | D4: Unit Rent | F4: Taxable - Internal Review | H4: Draft | J4: Fictional Owner - Maya
A5: Fictional Blue Quail Self Storage | B5: 0.065 | D5: Merchandise | F5: Not Taxable - Internal Review | H5: Needs Review | J5: Fictional Owner - Jules
A6: Fictional Maple Rocket Storage | B6: 0.08 | D6: Admin Fee | F6: Needs Review | H6: Ready for Review | J6: Fictional Owner - Devon
D7: Late Fee | H7: Closed
D8: Other Fee
